 Dungeon Crawl Stone Soup version 0.22-a0-252-gcace5d2 (webtiles) character file.

24 KristoblXynda the Chucker (level 2, -2/24 HPs)
             Began as a Draconian Hunter on Mar 1, 2018.
             Slain by an orc wizard
             ... wielding a +0 dagger
              (3 damage)
             ... on level 2 of the Dungeon.
             The game lasted 00:01:46 (935 turns).

KristoblXynda the Chucker (Draconian Hunter)         Turns: 935, Time: 00:01:47

Health: -2/24      AC:  4    Str: 14    XL:     2   Next: 79%
Magic:  2/2        EV: 12    Int: 11    God:
Gold:   46         SH:  0    Dex: 11    Spells: 1/1 levels left

rFire    . . .     SeeInvis .   g - +1 mace
rCold    . . .     Gourm    .   (no shield)
rNeg     . . .     Faith    .   (armour unavailable)
rPois    .         Spirit   .   (helmet restricted)
rElec    .         Reflect  .   (no cloak)
rCorr    .         Harm     .   (no gloves)
MR       .....                  (no boots)
Stlth    +.........             (no amulet)
HPRegen  0.08/turn              (no ring)
MPRegen  0.08/turn              (no ring)

@: no status effects
A: unfitting armour, cold-blooded, AC +4
a: no special abilities


You were on level 2 of the Dungeon.
You were not hungry.

You visited 1 branch of the dungeon, and saw 2 of its levels.

You collected 46 gold pieces.

Inventory:

Hand Weapons
 g - a +1 mace (weapon)
Missiles
 b - 2 javelins (quivered)
 c - 2 throwing nets
Scrolls
 a - a scroll of immolation {unknown}
 e - a scroll of enchant weapon
 f - a scroll of identify
 h - a scroll of magic mapping {unknown}
 k - a scroll of remove curse {unknown}
Comestibles
 d - 4 rations


   Skills:
 - Level 2.1 Fighting
 + Level 4.0 Throwing
 + Level 2.4 Dodging
 - Level 0.8 Stealth


You had one spell level left.
You didn't know any spells.

Dungeon Overview and Level Annotations

Branches:
Dungeon (2/15)

Altars:


Innate Abilities, Weirdness & Mutations

Your plain brown scales are hard. (AC +4)
You cannot fit into any form of body armour.
You are cold-blooded and may be slowed by cold attacks.


Message History

You throw a javelin. The javelin misses the orc wizard.
The orc wizard closely misses you.
The orc wizard miscasts a cantrip.
The orc wizard barely misses you.
Throwing (i - inventory. (/) - cycle)
b - 4 javelins (quivered)
Press: ? - help, Shift-Dir - straight line, f - orc wizard, p - orc wizard
Aim: an orc wizard, wielding a dagger and wearing a robe You throw a javelin.
The javelin hits the orc wizard.
The orc wizard is moderately wounded.
The orc wizard barely misses you. The orc wizard hits you with a dagger.
* * * LOW HITPOINT WARNING * * *
The orc wizard closely misses you.
Throwing (i - inventory. (/) - cycle)
b - 3 javelins (quivered)
Press: ? - help, Shift-Dir - straight line, f/p - orc wizard
Aim: an orc wizard, wielding a dagger and wearing a robe (moderately wounded)
You throw a javelin.
The javelin hits the orc wizard but does no damage.
The orc wizard is moderately wounded.
The orc wizard hits you with a dagger.
You die...

#. #.###### #.#
#<### #.. #.#.#
#.## #...#
#..#######...#
##...##....#.#
###.#.....#.#
###.....#####.#
#@o(##...# .#
##o###.....## .#
#.o# #.###..# .#
#(## #.# #.# #
#..###.####.##.###
##...#............
###..o..o....#
########...#
$......


You could see 2 orc wizards and an orc.

Vanquished Creatures
  An ooze (D:2)
  A leopard gecko (D:1)
  A giant cockroach (D:1)
  A goblin (D:1)
  2 hobgoblins (D:1)
  2 jackals (D:1)
  4 bats
  A frilled lizard (D:1)
  2 kobolds (D:1)
  4 rats (D:1)
19 creatures vanquished.

Notes
Turn   | Place    | Note
-------+----------+-------------------------------------------
     0 | D:1      | KristoblXynda the Draconian Hunter began the quest for the Orb.
     0 | D:1      | Reached XP level 1. HP: 17/17 MP: 1/1
   419 | D:1      | Reached XP level 2. HP: 14/24 MP: 2/2
   787 | D:1      | Reached skill level 4 in Throwing
   934 | D:2      | HP: 1/24 [orc wizard/dagger (2)]
   935 | D:2      | Slain by an orc wizard

Vault maps used:
D:1:      scummos_arrival_hexagon
D:2:      first_ration

Skill      XL: |  1  2 |
---------------+-------+-----
Dodging        | 2 |  2.4
Throwing       | 4 |  4.0
Fighting       | |  2.1
Stealth        | |  0.8

Action                   || total
-------------------------++-------
Melee: Short sword       ||    30
       Mace              ||    43
       Tailslap          ||     3
Throw: Javelin           ||     4
  Use: Scroll            ||     2
       Potion            ||     1
Armor: Skin              ||    43
Dodge: Dodged            ||    96

Table legend:
 A = Spawn XP
 B = Non-spawn XP
 C = Spawn XP percentage of total XP
 D = Spawn monster count
 E = Non-spawn monster count
 F = Spawn count percentage of total count
 G = Total turns spent on level
                    A         B        C        D         E        F      G
               +---------+---------+-------+---------+---------+-------+---------
         Total |       0 |      35 |   0.0 |       0 |      19 |   0.0 |   935
               +---------+---------+-------+---------+---------+-------+---------
           D:1 |       0 |      25 |   0.0 |       0 |      16 |   0.0 |   864
           D:2 |       0 |      10 |   0.0 |       0 |       3 |   0.0 |    71
               +---------+---------+-------+---------+---------+-------+---------
